 Dungeon Crawl Stone Soup version 0.31-a0-826-ga5cc291a1b (webtiles) character file.

Game seed: 15075505956372478230

110 qw the Shooter (level 4, -3/28 HPs)
             Began as a Gargoyle Hunter on Sept 23, 2023.
             Killed from afar by Terence (8 damage)
             ... with a puff of flame
             ... on level 2 of the Dungeon.
             The game lasted 00:00:42 (1114 turns).

qw the Shooter (Gargoyle Hunter)                    Turns: 1114, Time: 00:00:43

Health: -3/28      AC:  6    Str: 14    XL:     4   Next: 91%
Magic:  4/4        EV: 11    Int: 10    God:
Gold:   79         SH:  0    Dex: 15    Spells: 3/3 levels left

rFire   . . .        Y - +0 shortbow
rCold   . . .        (shield currently unavailable)
rNeg    + . .        c - +0 leather armour
rPois   inf          (no helmet)
rElec   +            (no cloak)
rCorr   .            (no gloves)
SInv    .            (no boots)
Will    .....        (no amulet)
Stlth   ++           (no ring)
HPRegen 0.24/turn    (no ring)
MPRegen 0.09/turn

%: no passive effects
@: no status effects
A: sickness immunity, AC +3, negative energy resistance 1, electricity
resistance, torment resistance 1, petrification resistance
a: no special abilities


You were on level 2 of the Dungeon.
You visited 1 branch of the dungeon, and saw 2 of its levels.

You collected 79 gold pieces.


Innate Abilities, Weirdness & Mutations

You are immune to sickness and miasma.
Your stone body is resilient. (AC +3)
You are immune to poison.
You resist negative energy. (rN+)
You are resistant to electric shocks. (rElec)
You are resistant to unholy torment.
You are immune to petrification.


   Skills:
 - Level 3.5 Fighting
 + Level 5.5 Ranged Weapons
 - Level 1.5 Dodging
 - Level 1.1 Stealth


You had 3 spell levels left.
You didn't know any spells.
Your spell library was empty.

Inventory:

Hand Weapons
 Y - a +0 shortbow (weapon)
Armour
 a - a +0 cloak
 c - a +0 leather armour (worn)
Potions
 d - a potion of enlightenment {unknown}
 f - 2 potions of mutation {unknown}

Dungeon Overview and Level Annotations

Branches:
Dungeon (2/15)

Altars:

Annotations:
D:2 Terence


Message History

1093 ||| STILL FLEEEEING.
1094 ||| STILL FLEEEEING.
1095 ||| STILL FLEEEEING.
1096 ||| STILL FLEEEEING.
1097 ||| STILL FLEEEEING.
1098 ||| STILL FLEEEEING.
1099 ||| STILL FLEEEEING.
1100 ||| STILL FLEEEEING.
You start resting.
Terence is nearby!
You shoot an arrow.
The arrow hits Terence but does no damage.
You shoot an arrow. The arrow barely misses Terence.
You shoot an arrow. The arrow barely misses Terence.
Terence zaps a wand.
The puff of flame hits you.
You shoot an arrow. The arrow hits Terence.
Terence is lightly wounded.
Terence misses you.
You shoot an arrow. The arrow barely misses Terence.
Terence zaps a wand.
The puff of flame hits you.
You shoot an arrow.
The arrow hits Terence but does no damage.
Terence is lightly wounded.
Terence zaps a wand.
The puff of flame misses you.
You shoot an arrow.
The arrow hits Terence but does no damage.
Terence is lightly wounded.
Terence hits you with a +0 mace. Terence closely misses you.
You shoot an arrow.
The arrow hits Terence but does no damage.
Terence is lightly wounded.
Terence zaps a wand.
The puff of flame misses you.
You shoot an arrow. The arrow hits Terence.
Terence is lightly wounded.
Terence hits you with a +0 mace.
You shoot an arrow. The arrow closely misses Terence.
Terence hits you with a +0 mace.
You shoot an arrow. The arrow barely misses Terence.
Terence zaps a wand.
The puff of flame hits you!
You die...

##.#####....####....#.....#.###.#
...................>#...........#
.#.############..##.##........###
#..##....#....#.###
#.###..P~..........
#.###¤¤~.~..##..:.#
#.#.¤P¤~~~.........
#.#.#¤¤~~...##.#..#
#.@@¤¤~~~~........#
#####¤..~.P..#.##.#
#####...###..#....#
#.#..........######
#.#.#.######.. .. #.#.#.## ####
## #.#....# #......# #.##...#


You could see Terence.

Vanquished Creatures
  Natasha (D:1)
  2 adders (D:2)
  A gnoll (D:1)
  An adder zombie (D:2)
  2 worms (D:2)
  7 ball pythons
  6 endoplasms
  A giant cockroach (D:1)
  5 goblins
  5 hobgoblins
  A quokka (D:1)
  4 bats (D:1)
  3 frilled lizards (D:1)
  A jackal skeleton (D:2)
  3 kobolds
  4 rats
47 creatures vanquished.

Notes
Turn   | Place    | Note
-------+----------+-------------------------------------------
     0 | D:1      | qw the Gargoyle Hunter began the quest for the Orb.
     0 | D:1      | Reached XP level 1. HP: 12/12 MP: 1/1
     0 | D:1      | 0 ||| qw: Version: 0.3-a-83-gcd0e7d8
     0 | D:1      | 0 ||| qw: Game counter: 1931
     0 | D:1      | 0 ||| qw: Melee chars always use a shield: true
     0 | D:1      | 0 ||| qw: God list: Okawaru
     0 | D:1      | 0 ||| qw: Allow faded altars: false
     0 | D:1      | 0 ||| qw: Do Orc after clearing Dungeon:15 true
     0 | D:1      | 0 ||| qw: Do second Lair branch before Depths: true
     0 | D:1      | 0 ||| qw: Lair rune preference: random
     0 | D:1      | 0 ||| qw: Goals: Normal
     0 | D:1      | 0 ||| PLANNING D:1-11
    81 | D:1      | Reached XP level 2. HP: 11/17 MP: 2/2
   283 | D:1      | Reached XP level 3. HP: 18/21 MP: 3/3
   309 | D:1      | Reached skill level 5 in Ranged Weapons
   727 | D:1      | 727 ||| READING scroll labelled FEITTO TETH.
   728 | D:1      | 728 ||| READING scroll labelled TOCAMM RIKHEGH.
   729 | D:1      | 729 ||| DROPPING scroll of butterflies.
   747 | D:2      | Noticed Natasha
   750 | D:2      | 750 ||| STAIRDANCE
   762 | D:1      | Killed Natasha
   763 | D:1      | Reached skill level 3 in Fighting
   763 | D:1      | Reached XP level 4. HP: 16/28 MP: 4/4
   817 | D:2      | 817 ||| STAIRDANCE
  1076 | D:2      | Noticed Terence
  1079 | D:2      | 1079 ||| FLEEEEING.
  1084 | D:2      | 1084 ||| FLEEEEING.
  1085 | D:2      | 1085 ||| FLEEEEING.
  1086 | D:2      | 1086 ||| FLEEEEING.
  1089 | D:2      | 1089 ||| FLEEEEING.
  1090 | D:2      | 1090 ||| FLEEEEING.
  1091 | D:2      | 1091 ||| FLEEEEING.
  1113 | D:2      | HP: 5/28 [Terence/+0 mace (4)]
  1114 | D:2      | Killed from afar by Terence

Levels and vault maps discovered:
D:1:      reono_arrival_mine, layout_loops_ring, minmay_misc_feat_hallway
D:2:      layout_basic, serial_undead, serial_undead_d, serial_undead_c,
          serial_undead_f, serial_undead_e, nicolae_ecumenical_oubliette,
          uniq_terence, uniq_natasha

Skill      XL: |  1  2  3 |
---------------+----------+-----
Ranged Weapons | 5 |  5.5
Fighting       | 3 |  3.5
Dodging        | |  1.5
Stealth        | |  1.1

Action                     |  1- 3 |  4- 6 || total
---------------------------+-------+-------++-------
   Fire: Shortbow          |   102 |    92 ||   194
    Use: Scroll            |     2 |       ||     2
 Armour: Leather armour    |    36 |    31 ||    67
  Dodge: Dodged            |    36 |    24 ||    60

Table legend:
 A = Non-vault XP
 B = Vault XP
 C = Vault XP percentage of total XP
 D = Non-vault monster count
 E = Vault monster count
 F = Vault count percentage of total count
                 A         B        C        D         E       F
            +---------+---------+-------+---------+---------+-------
      Total |     116 |      42 |  26.6 |      44 |       3 |   6.4
            +---------+---------+-------+---------+---------+-------
        D:1 |      64 |      35 |  35.4 |      31 |       1 |   3.1
        D:2 |      52 |       7 |  11.9 |      13 |       2 |  13.3
            +---------+---------+-------+---------+---------+-------
